Map: World of Sleepers LE

Players

Neeb - Winner!

  • Race: Protoss Protoss
  • Spawn Location: 1:00

thermostaat (uThermal)

  • Race: Terran Terran
  • Spawn Location: 7:00

Event: Cheeseadelphia XI, Cheeseadelphia XI

VOD

Have the link to the VOD?

Description

Time

  • Played on: Dec. 15, 2019, 7:21 p.m.
  • Length: 9:39

All games in this series

Show
View Real Time Build Order
Export as new Build Order

Neeb Protoss - Winner!

Build Orders: 1 Gate Expand, Oracle Opening 

Get SALT Encoding   

  12  0:00  Probe  
  13  0:12  Probe  
  14  0:17  Pylon  
  14  0:24  Probe (Chrono Boost)  
  15  0:36  Gateway  
  15  0:37  Probe (Chrono Boost)  
  16  0:43  Probe (Chrono Boost)  
  16  0:46  Assimilator  
  17  0:51  Probe  
  18  1:03  Probe  
  19  1:15  Probe  
  20  1:22  Nexus  
  20  1:32  Cybernetics Core  
  20  1:35  Probe  
  21  1:42  Assimilator  
  21  1:47  Probe  
  21  1:50  Pylon  
  22  1:59  Probe (Chrono Boost)  
  23  2:05  Adept (Chrono Boost)  
  25  2:10  Probe (Chrono Boost)  
  26  2:15  Probe (Chrono Boost)  
  26  2:18  Stargate  
  27  2:25  Probe  
  28  2:30  Adept  
  28  2:32  Warp Gate  
  30  2:38  Probe (Chrono Boost)  
  30  2:42  Probe (Chrono Boost)  
  32  2:49  Probe (Chrono Boost)  
  34  2:52  Probe (Chrono Boost)  
  34  2:53  Probe (Chrono Boost)  
  35  3:02  Oracle (Chrono Boost), Probe  
  35  3:04  Probe  
  40  3:14  Probe  
  40  3:16  Probe  
  42  3:26  Probe  
  41  3:28  Probe, Gateway  
  41  3:29  Gateway  
  41  3:30  Oracle (Chrono Boost)  
  41  3:31  Pylon  
  45  3:38  Probe  
  46  3:49  Probe  
  46  3:50  Probe  
  46  3:51  Pylon  
  48  4:01  Probe  
  48  4:02  Probe  
  50  4:10  Robotics Facility  
  50  4:11  Nexus  
  50  4:14  Probe, Assimilator  
  50  4:16  Pylon  
  51  4:21  Probe, Assimilator  
  52  4:24  Sentry  
  52  4:26  Stalker  
  52  4:29  Stalker  
  52  4:30  Probe  
  59  4:36  Probe  
  59  4:38  Forge  
  60  4:42  Probe  
  61  4:48  Probe  
  61  4:51  Stalker  
  61  4:52  Stalker  
  67  5:00  Probe  
  67  5:03  Stalker  
  69  5:08  Shield Battery  
  69  5:10  Shield Battery  
  67  5:16  Stalker  
  67  5:21  Shield Battery  
  69  5:22  Shield Battery  
  69  5:23  Pylon  
  69  5:25  Immortal (Chrono Boost)  
  73  5:29  Stalker x2  
  77  5:36  Pylon  
  77  5:37  Pylon  
  54  5:53  Zealot x3  
  60  6:04  Probe  
  57  6:21  Stalker x3  
  57  6:24  Probe  
  64  6:27  Probe  
  66  6:35  Pylon  
  66  6:37  Pylon, Probe (Chrono Boost), Twilight Council  
  66  6:39  Probe (Chrono Boost)  
  67  6:42  Protoss Ground Armor Level 1 (Chrono Boost)  
  67  6:49  Probe (Chrono Boost)  
  67  6:51  Probe (Chrono Boost)  
  66  7:00  Probe  
  66  7:02  Probe  
  66  7:04  Zealot x3  
  74  7:12  Probe  
  74  7:14  Probe  
  76  7:24  Probe  
  76  7:29  Pylon x2  
  77  7:30  Pylon  
  77  7:32  Templar Archives  
  77  7:35  Probe  
  72  7:37  Stalker x2  
  76  7:49  Pylon  
  76  7:56  Probe  
  65  7:59  Probe  
  65  8:05  Stalker  
  64  8:08  Probe  
  64  8:11  Stalker x2, Probe  
  66  8:20  Probe  
  66  8:21  Nexus  
  66  8:22  Assimilator  
  66  8:23  Assimilator  
  66  8:26  Probe  
  68  8:30  Sentry  
  68  8:32  Probe  
  71  8:41  Probe  
  68  8:51  Probe  
  69  8:56  Probe  
  70  9:03  Probe  
  70  9:08  Probe  
  72  9:15  Probe  
  73  9:17  Stalker x2  
  73  9:21  Stalker  
  73  9:22  Probe  
  79  9:30  Gateway x2  
  80  9:32  Gateway  
Show
View Real Time Build Order
Export as new Build Order

thermostaat Terran 

Build Orders: Reaper Expand 

Get SALT Encoding   

  12  0:01  SCV  
  13  0:13  SCV  
  14  0:17  Supply Depot  
  14  0:25  SCV  
  15  0:39  SCV  
  15  0:41  Barracks  
  16  0:42  Refinery  
  16  0:51  SCV  
  17  1:03  SCV  
  18  1:15  SCV  
  19  1:29  Orbital Command, Reaper  
  20  1:45  Command Center  
  20  1:52  Supply Depot  
  20  1:55  SCV  
  20  2:01  Marine  
  22  2:07  SCV  
  23  2:09  Factory  
  23  2:14  Refinery  
  23  2:19  SCV  
  23  2:20  Barracks Reactor  
  24  2:31  SCV  
  25  2:43  SCV  
  26  2:54  Starport  
  26  2:55  SCV  
  26  2:56  Factory Tech Lab  
  26  2:57  Marine x2  
  29  3:00  Bunker  
  29  3:01  Orbital Command  
  29  3:07  SCV  
  30  3:15  Marine x2  
  30  3:19  SCV  
  32  3:22  Cyclone  
  32  3:26  SCV  
  36  3:31  SCV, Viking  
  39  3:35  Marine  
  39  3:36  Marine  
  39  3:41  Supply Depot  
  41  3:42  SCV  
  42  3:53  Marine x2  
  44  3:56  SCV x2  
  45  4:03  Siege Tank  
  45  4:06  Supply Depot, Viking  
  45  4:08  SCV  
  51  4:11  Marine x2  
  51  4:16  SCV  
  54  4:17  Supply Depot  
  54  4:27  SCV  
  54  4:28  SCV  
  54  4:29  Marine x2  
  58  4:35  Siege Tank  
  61  4:39  SCV  
  61  4:40  Supply Depot  
  61  4:41  Viking  
  64  4:47  Marine x2  
  64  4:48  SCV  
  67  4:53  SCV  
  67  4:59  Command Center  
  68  5:00  SCV  
  68  5:04  Marine  
  68  5:05  SCV, Marine  
  72  5:07  Siege Tank  
  75  5:14  SCV  
  75  5:19  Supply Depot  
  76  5:21  Viking  
  76  5:26  SCV, Marine  
  76  5:28  Marine  
  78  5:35  Bunker  
  71  5:36  Bunker, SCV  
  68  5:44  Marine  
  68  5:45  SCV  
  68  5:46  Marine  
  52  5:59  SCV  
  52  6:00  SCV  
  52  6:02  Marine  
  52  6:03  Marine  
  54  6:05  Viking  
  53  6:11  SCV  
  53  6:17  SCV  
  55  6:18  Liberator  
  55  6:20  Marine  
  55  6:23  SCV  
  55  6:24  Marine  
  58  6:29  SCV  
  56  6:35  SCV  
  56  6:37  Siege Tank  
  56  6:38  Marine  
  64  6:43  Orbital Command  
  64  6:48  Marine  
  64  6:52  SCV  
  66  6:55  Marine  
  66  6:56  SCV  
  65  7:04  SCV  
  65  7:06  Marine  
  63  7:08  SCV  
  63  7:11  Siege Tank  
  63  7:13  Marine  
  67  7:18  Viking  
  67  7:21  SCV  
  69  7:27  Marine  
  69  7:31  Marine  
  67  7:39  SCV  
  67  7:44  Siege Tank  
  69  7:45  Marine  
  65  7:52  Marine  
  53  8:03  Marine  
  46  8:06  SCV  
  46  8:07  Liberator  
  46  8:10  SCV, Marine  
  43  8:17  SCV  
  43  8:18  SCV  
  41  8:21  Marine  
  45  8:28  Marine  
  45  8:29  Siege Tank  
  45  8:32  SCV x2  
  51  8:41  SCV  
  51  8:42  Marine  
  51  8:43  Barracks  
  51  8:44  SCV  
  51  8:45  Barracks  
  51  8:46  Marine  
  47  8:49  SCV  
  47  8:53  Refinery  
  47  8:55  Refinery  
  47  8:56  SCV  
  47  9:00  Bunker, Marine  
  47  9:01  SCV  
  47  9:02  SCV  
  50  9:04  Siege Tank, Marine  
  50  9:08  SCV  
  51  9:13  SCV  
  51  9:14  SCV  
  51  9:18  Marine  
  51  9:20  SCV  
  51  9:21  Starport Tech Lab  
  54  9:25  SCV  
  54  9:26  SCV  
Tags
 
Add a new tag
Caveats
  • Supply blocks, unpowered buildings, or Contaminate may cause inaccurate times.
  • Supply counts are checked every 10 seconds.